 Dungeon Crawl Stone Soup version 0.29-a0-559-g359e09b9d1 (webtiles) character file.

Game seed: 1656964531609818582

27381 zishaf the Fighter (level 12, -1/111 HPs)
             Began as a Demigod Wanderer on June 9, 2022.
             Slain by a cane toad (13 damage)
             ... on level 2 of the Lair of Beasts.
             The game lasted 00:41:12 (20549 turns).

zishaf the Fighter (Demigod Wanderer)              Turns: 20549, Time: 00:41:13

Health: -1/111     AC:  7    Str: 13    XL:     12   Next: 68%
Magic:  20/20      EV:  9    Int: 26    God:
Gold:   808        SH: 14    Dex: 16    Spells: 11/17 levels left

rFire   . . .      SeeInvis .   a - +4 short sword
rCold   . . .      Faith    .   H - +0 kite shield
rNeg    . . .      Spirit   .   t - +0 ring mail "Boinwo" {Rampage Slay+2}
rPois   .          Reflect  .   (helmet restricted)
rElec   .          Harm     .   (no cloak)
rCorr   .          Rampage  +   d - +1 pair of gloves
Will    ++++.      Rage     50% (no boots)
Stlth   ++........              O - necklace of Bloodlust {*Rage Will++ Int-3 Slay+6}
HPRegen 0.28/turn               F - ring of wizardry
MPRegen 0.17/turn               K - ring of willpower

@: on berserk cooldown, slowed, very slow
A: high MP 1, forlorn, divine attributes, horns 1, talons 1, large bone plates
1, clever 1
a: no special abilities


You were on level 2 of the Lair of Beasts.
You visited 2 branches of the dungeon, and saw 13 of its levels.
You also visited: Sewer.

You collected 898 gold pieces.
You spent 90 gold pieces at shops.

Inventory:

Hand Weapons
 a - a +4 short sword (weapon)
 c - a +0 mace
 p - a +0 hand crossbow
 A - a +2 spear of venom
 B - a +3 dagger
Missiles
 h - 7 curare-tipped darts (quivered)
 j - 74 poisoned darts
 l - a silver boomerang
 x - 2 javelins
 E - 2 boomerangs
Armour
 d - a +1 pair of gloves (worn)
 f - a +0 leather armour
 g - a +0 ring mail
 i - a +0 helmet
 r - the +1 leather armour of Immorality {Drain rElec Str+6}
   (You found it on level 2 of the Dungeon)

   Str:       It affects your strength (+6).
   rElec:     It insulates you from electricity.
   Drain:     It drains your maximum health when unequipped.
 t - the +0 ring mail "Boinwo" (worn) {Rampage Slay+2}
   (You found it on level 3 of the Dungeon)

   Slay:      It affects your accuracy & damage with ranged weapons and melee
   (+2).
   Rampage:   It bestows one free step when moving towards enemies.
 y - a +3 scale mail
 H - a +0 kite shield (worn)
Jewellery
 u - a ring of ice
 C - a ring of flight
 F - a ring of wizardry (left hand)
 J - an amulet of the acrobat
 K - a ring of willpower (right hand)
 L - a ring of willpower
 M - a ring of protection from fire
 O - the necklace of Bloodlust (around neck) {*Rage Will++ Int-3 Slay+6}
   (You found it on level 10 of the Dungeon)

   [amulet of nothing]

   It extends the wearer's berserk rage when killing foes.
   Int:       It affects your intelligence (-3).
   Slay:      It affects your accuracy & damage with ranged weapons and melee
   (+6).
   *Rage:     It berserks you when you make melee attacks (+50% chance).
   Will:      It greatly increases your willpower.
Wands
 v - a wand of paralysis (6)
 Q - a wand of flame (7)
 R - a wand of digging (5)
 T - a wand of iceblast (4)
Scrolls
 b - 2 scrolls of enchant weapon
 m - 5 scrolls of teleportation
 n - a scroll of summoning
 o - 6 scrolls of fog
 D - a scroll of magic mapping
 G - a scroll of enchant armour
Potions
 e - 4 potions of brilliance
 k - 7 potions of curing
 q - 2 potions of attraction
 s - 2 potions of magic
 w - 2 potions of ambrosia
 z - 5 potions of heal wounds
 I - 5 potions of flight
 P - a potion of might {unknown}
 S - a potion of invisibility {unknown}
 U - a potion of lignification {unknown}
 V - a potion of haste {unknown}
Miscellaneous
 N - a tin of tremorstones (inert)


   Skills:
 + Level 11.7 Fighting
 - Level 4.0 Short Blades
 - Level 1.7 Maces & Flails
 - Level 3.0 Throwing
 - Level 2.1 Armour
 - Level 1.0 Dodging
 - Level 4.0 Stealth
 - Level 5.0 Shields
 - Level 3.0 Spellcasting
 + Level 7.5 Conjurations
 + Level 7.4 Ice Magic
 - Level 5.0 Air Magic
 - Level 5.0 Poison Magic
 - Level 7.0 Evocations


You had 11 spell levels left.
You knew the following spells:

 Your Spells              Type           Power      Damage    Failure   Level
a - Poisonous Vapours     Pois/Air       58%        N/A       4%          2
b - Hailstorm             Conj/Ice       43%        3d10      11%         4

Your spell library contained the following spells:

 Spells                   Type           Power      Damage    Failure   Level
 Ice Form                 Ice/Tmut       23%        N/A       43%         4
 Corpse Rot               Necr/Pois/Air  21%        N/A       47%         4
 Simulacrum               Ice/Necr       11%        N/A       99%         6


Dungeon Overview and Level Annotations

Branches:
Dungeon (11/15)            Temple (0/1) D:6            Lair (2/6) D:8
  Swamp (0/4) Lair:2        Sewer (visited)
  Snake: Lair:2-4    Spider: Lair:2-4       Orc: D:9-12

Annotations:
D:4 1 runed translucent door, Crazy Yiuf


Innate Abilities, Weirdness & Mutations

You have an increased reservoir of magic. (+10% MP)
You shall have no god before yourself.
Your divine heritage dramatically boosts your attributes as you level up.
You have a pair of small horns on your head.
You have sharp toenails.
You are partially covered in large bone plates. (SH +4)
Your mind is acute. (Int +2)


Message History

The burst of rock shards engulfs the black mamba!!
You kill the black mamba!
The black mamba's corpse dissolves into shadows!
The burst of rock shards engulfs you.
The burst of rock shards engulfs the naga!
You kill the naga!
The tin is emptied!
You feel sick.
You hear a shout!
You hear an angry hiss.
You start resting.
You feel sick. x3
You are no longer poisoned.
You start resting.
A cane toad is nearby!
A cane toad is nearby!
The cane toad croaks.
A water moccasin comes into view.
The water moccasin hisses angrily.
The water moccasin bites you. You block the water moccasin's attack.
You block the water moccasin's attack. The cane toad stings you!
You are poisoned.
The cane toad poisons you! The cane toad stings you.
You block the water moccasin's attack.
You feel extremely sick. You block the water moccasin's attack.
You feel better. The water moccasin bites you!
You block the cane toad's attack. You block the water moccasin's attack.
You block the cane toad's attack.
You miss the water moccasin.
Your headbutt misses the water moccasin.
You block the water moccasin's attack. The cane toad stings you!
* * * LOW HITPOINT WARNING * * *
The water moccasin closely misses you. The cane toad stings you!!
* * * LOW HITPOINT WARNING * * *
You are lethally poisoned!
The cane toad poisons you!
You feel better. The water moccasin bites you.
* * * LOW HITPOINT WARNING * * *
The cane toad stings you!
You die...

##.....##.....#...........
#......#.###.#.#...#..#### #
#+##......###.#..#....##+†#P# ##
##.###.............§..........
.###..##.............§§..........
..................§§§§§..........
..................§.§§...........
...............###...§§..........
..#...###......S@..§..§....#P÷###
..†##.#........F..§........##.###
...#....#...........#.......#....
..#....#............+............
..##...##...........#...S........
..#....#P.....#.....#............
..##...##.....P.....#....<.##....
..#.................#......##....
.......#.......#.#..#......P##.#.


You could see a cane toad and a water moccasin.

Vanquished Creatures
  A hydra (Lair:1)
  A boulder beetle (D:11)
  A death knight (D:9)
  5 two-headed ogres
  A catoblepas (Lair:2)
  A tengu warrior (D:11)
  Sonja (D:11)
  Pikel (D:8)
  A deep elf pyromancer (D:9)
  A manticore (D:11)
  A black mamba (Lair:2)
  2 gargoyles
  Maggie (D:8)
  6 cane toads
  3 rime drakes
  An unseen horror (D:10)
  A yaktaur (D:9)
  A komodo dragon (Lair:1)
  A freezing wraith (D:9)
  A hornet (D:10)
  Grinder (D:4)
  Prince Ribbit (D:9)
  4 shadows
  5 wyverns
  32 yaks
  Grum (D:7)
  A vampire (D:11)
  2 steam dragons
  6 vampire mosquitoes
  A naga (Lair:2)
  Menkaure (D:4)
  9 water moccasins
  8 orc warriors
  3 sky beasts (D:6)
  3 black bears
  2 ogres
  A phantom (D:7)
  4 centaurs
  2 wolves
  A lemure (D:8)
  13 kobold brigands
  9 bullfrogs
  3 gnoll sergeants
  4 necrophages
  7 scorpions
  9 killer bees
  4 electric eels
  2 howler monkeys
  A hound (D:5)
  7 orc priests
  A gnoll shaman (D:9)
  4 iguanas
  13 orc wizards
  22 gnolls
  11 adders
  2 river rats
  2 shadow imps (D:6)
  4 worms
  3 dart slugs
  31 orcs
  7 ball pythons
  6 endoplasms
  3 giant cockroaches
  3 goblins (D:4)
  4 hobgoblins
  15 jackals
  28 kobolds
  3 quokkas
  2 bats
  6 frilled lizards
  4 rats
353 creatures vanquished.

Vanquished Creatures (others)
  An orc wizard (D:9)
  8 fungi
  40 plants
49 creatures vanquished.

Grand Total: 402 creatures vanquished

Notes
Turn   | Place    | Note
-------+----------+-------------------------------------------
     0 | D:1      | zishaf the Demigod Wanderer began the quest for the Orb.
     0 | D:1      | zishaf set off with the following items: a +2 dagger, 4
                  | curare-tipped darts, a +0 mace, a +0 pair of gloves, a
                  | potion of brilliance, a +0 leather armour
     0 | D:1      | Reached XP level 1. HP: 14/14 MP: 3/3
   218 | D:1      | Reached skill level 1 in Short Blades
   409 | D:1      | Reached XP level 2. HP: 20/20 MP: 4/4
  1071 | D:2      | Identified the +1 leather armour of Immorality {Drain rElec
                  | Str+6}
  1435 | D:3      | Identified the +0 ring mail "Boinwo" {Rampage Slay+2}
  1936 | D:3      | Reached XP level 3. HP: 26/26 MP: 5/5
  2223 | D:3      | Reached XP level 4. HP: 3/33 MP: 6/6
  3225 | D:4      | Found a runed translucent door.
  3226 | D:4      | Noticed Crazy Yiuf
  3740 | D:4      | Noticed a necrophage
  3753 | D:4      | Killed a necrophage
  3754 | D:4      | Reached skill level 1 in Fighting
  3754 | D:4      | Reached skill level 1 in Spellcasting
  3754 | D:4      | Reached XP level 5. HP: 29/40 MP: 6/9
  3868 | D:4      | Reached skill level 2 in Fighting
  3987 | D:4      | Noticed Menkaure
  4101 | D:3      | Learned a level 2 spell: Poisonous Vapours
  4331 | D:4      | Killed Menkaure
  4332 | D:4      | Reached skill level 1 in Air Magic
  4332 | D:4      | Reached skill level 1 in Poison Magic
  4332 | D:4      | Reached XP level 6. HP: 36/50 MP: 11/11
  4641 | D:4      | Reached skill level 3 in Fighting
  4946 | D:4      | Noticed Grinder
  4951 | D:4      | Killed Grinder
  4952 | D:4      | Reached XP level 7. HP: 51/57 MP: 13/13
  5192 | D:5      | Entered Level 5 of the Dungeon
  5304 | D:5      | Reached skill level 4 in Fighting
  5307 | D:5      | Noticed a yak
  5308 | D:5      | Noticed a yak
  5312 | D:5      | Noticed a yak
  5332 | D:5      | Killed a yak
  5356 | D:5      | Killed a yak
  5378 | D:5      | Reached XP level 8. HP: 45/67 MP: 1/14
  5562 | D:5      | Reached skill level 5 in Fighting
  5646 | D:5      | Gained mutation: You have a pair of small horns on your
                  | head. [potion of mutation]
  5646 | D:5      | Gained mutation: You are partially covered in large bone
                  | plates. (SH +4) [potion of mutation]
  5646 | D:5      | Gained mutation: You have sharp toenails. [potion of
                  | mutation]
  5646 | D:5      | Gained mutation: Your mind is acute. (Int +2) [potion of
                  | mutation]
  5659 | D:5      | Found a glowing drain.
  5663 | Sewer    | Entered a sewer
  6727 | Sewer    | Reached skill level 1 in Armour
  6727 | Sewer    | Reached skill level 5 in Air Magic
  6727 | Sewer    | Reached skill level 5 in Poison Magic
  7317 | D:5      | Reached skill level 6 in Fighting
  7660 | D:6      | Reached XP level 9. HP: 75/75 MP: 8/15
  7959 | D:6      | Found a staircase to the Ecumenical Temple.
  8443 | D:6      | Reached skill level 7 in Fighting
  9917 | D:8      | Noticed Grum
  9922 | D:7      | Killed Grum
  9923 | D:7      | Reached skill level 8 in Fighting
 10009 | D:8      | Noticed a two-headed ogre
 10049 | D:7      | Killed a two-headed ogre
 10050 | D:7      | Reached skill level 5 in Evocations
 10050 | D:7      | Reached XP level 10. HP: 7/90 MP: 14/17
 10556 | D:8      | Noticed Pikel
 10573 | D:8      | Killed Pikel
 11038 | D:8      | Reached skill level 9 in Fighting
 11253 | D:8      | Learned a level 4 spell: Hailstorm
 11273 | D:8      | Noticed Maggie
 11288 | D:8      | Killed Maggie
 11479 | D:8      | Found a staircase to the Lair.
 11495 | D:8      | Reached skill level 1 in Conjurations
 11495 | D:8      | Reached skill level 1 in Ice Magic
 11756 | D:9      | Noticed a two-headed ogre
 11766 | D:9      | Killed a two-headed ogre
 12124 | D:9      | Noticed Prince Ribbit
 12133 | D:9      | Killed Prince Ribbit
 12684 | D:9      | Noticed a two-headed ogre
 12734 | D:9      | Killed a two-headed ogre
 12735 | D:9      | Reached skill level 1 in Shields
 13684 | D:9      | Reached XP level 11. HP: 86/97 MP: 13/19
 13923 | D:9      | Noticed a two-headed ogre
 13950 | D:9      | Killed a two-headed ogre
 14024 | D:9      | Noticed a death knight
 14099 | D:9      | Killed a death knight
 14489 | D:9      | Noticed a deep elf pyromancer
 14497 | D:9      | Killed a deep elf pyromancer
 14498 | D:9      | Reached skill level 10 in Fighting
 14545 | D:9      | Noticed a two-headed ogre
 14578 | D:9      | Killed a two-headed ogre
 15242 | D:10     | Entered Level 10 of the Dungeon
 15538 | D:10     | Paralysed by a hornet for 3 turns
 16145 | D:10     | Found the necklace of Bloodlust {*Rage Will++ Int-3 Slay+6}
 16176 | D:10     | Found Zin's Purification Station.
 16185 | D:10     | Bought a potion of curing for 90 gold pieces
 16446 | D:11     | Noticed a boulder beetle
 16448 | D:11     | Reached skill level 5 in Conjurations
 16469 | D:11     | Killed a boulder beetle
 16470 | D:11     | Reached skill level 5 in Ice Magic
 17337 | D:11     | Noticed Sonja
 17344 | D:11     | Killed Sonja
 17513 | D:11     | Noticed a tengu warrior
 17531 | D:11     | Killed a tengu warrior
 17532 | D:11     | Reached XP level 12. HP: 108/108 MP: 17/20
 17702 | D:11     | Reached skill level 5 in Shields
 17826 | Lair:1   | Entered Level 1 of the Lair of Beasts
 17865 | Lair:1   | Noticed an eight-headed hydra
 17883 | Lair:1   | Killed an eight-headed hydra
 18750 | Lair:1   | Reached skill level 11 in Fighting
 19386 | Lair:2   | Noticed a four-headed hydra
 19387 | Lair:2   | Found a staircase to the Swamp.
 19469 | Lair:2   | Noticed a catoblepas
 19479 | Lair:2   | Killed a catoblepas
 20549 | Lair:2   | Slain by a cane toad

Illustrated notes

Levels and vault maps discovered:
D:1:      grunt_arrival_lava_bath, layout_basic,
          nicolae_ecumenical_snake_handling
D:2:      layout_loops_ring, chequers_decorated_corner
D:3:      layout_loops_corners, kennysheep_orc_sif_temple
D:4:      layout_loops_ring, mainiacjoe_overflow_concentric_impassable,
          mainiacjoe_overflow_swirl, uniq_menkaure, uniq_grinder,
          uniq_crazy_yiuf_cottage
D:5:      layout_basic, nicolae_tso_swordbearing_angel, gup_sewer_entry_bowl
D:6:      layout_loops_ring, mainiacjoe_overflow_catch_the_wave,
          minmay_temple_entry_sparse_star
D:7:      layout_basic, chequers_arboretum
D:8:      layout_basic, grunt_lair_entry_orc_guard_hut, minmay_misc_feat_cross,
          st_stairs_8, uniq_grum, uniq_maggie, uniq_pikel
D:9:      nzn_winding_woodlands_stair_cross [nzn_winding_woodlands_5x15_crooked,
          nzn_winding_woodlands_center_triple_pond,
          nzn_winding_woodlands_5x15_cabin, nzn_winding_woodlands_5x5_three,
          nzn_winding_woodlands_5x5_default,
          nzn_winding_woodlands_5x15_concentric,
          nzn_winding_woodlands_center_lodge,
          nzn_winding_woodlands_5x15_split_checker], layout_loops_ring,
          grunt_temple_overflow_open, okawaru_ov_weapons_minmay,
          uniq_prince_ribbit1
D:10:     layout_cave_pools, doesnt_xom_only_xom, zin_purify, dk_noncrumbling_4,
          bh_walls_and_bars
D:11:     layout_roguey, uniq_sonja
Lair:1:   layout_regular_city, chequers_serial_rivers_small_a,
          grunt_forest_small_clearings, infiniplex_staircase_pool_2,
          serial_bayou_shore_a
Lair:2:   layout_regular_city, minmay_swamp_entry_reptiles,
          guppyfry_snake_entry_garden, beast_lair_carwin_7

Skill      XL: |  1  2  3  4  5  6  7  8  9 10 11 12 |
---------------+-------------------------------------+-----
Throwing       | 2 3 |  3.0
Short Blades   | 1 2 3 4 |  4.0
Fighting       | 1 2 3 4 6 8 9 10 11 | 11.7
Spellcasting   | 1 2 3 |  3.0
Air Magic      | 1 2 3 5 |  5.0
Poison Magic   | 1 2 3 5 |  5.0
Armour         | 2 |  2.1
Stealth        | 4 |  4.0
Evocations     | 5 6 7 |  7.0
Conjurations   | 3 5 7 |  7.5
Ice Magic      | 3 5 7 |  7.4
Shields        | 1 4 5 |  5.0
Maces & Flails | |  1.7
Dodging        | |  1.0

Action                   |  1- 3 |  4- 6 |  7- 9 | 10-12 || total
-------------------------+-------+-------+-------+-------++-------
Melee: Dagger            |   101 |   131 |   204 |       ||   436
       Punch             |       |     1 |     5 |     1 ||     7
       Kick              |       |       |    47 |   143 ||   190
       Headbutt          |       |       |    26 |    98 ||   124
       Short sword       |       |       |    36 |   432 ||   468
Throw: Dart              |     3 |     3 |    13 |    23 ||    42
       Boomerang         |       |     6 |     2 |    10 ||    18
       Javelin           |       |       |       |    12 ||    12
 Cast: Poisonous Vapours |       |       |   146 |   192 ||   338
Evoke: Wand              |       |       |     2 |     3 ||     5
       Tin of tremorston |       |       |       |     2 ||     2
  Use: Potion            |     2 |     3 |     2 |     2 ||     9
       Scroll            |       |     7 |     4 |     7 ||    18
 Stab: Sleeping          |     5 |     5 |     2 |     6 ||    18
       Distracted        |     1 |     1 |       |     1 ||     3
       Paralysed         |       |       |     3 |     4 ||     7
Armor: Ring mail         |    44 |    30 |    62 |    88 ||   224
Dodge: Dodged            |    28 |    45 |    95 |   126 ||   294
Block: Other             |       |       |    23 |     6 ||    29
       Kite shield       |       |       |       |   230 ||   230

Table legend: (Time is in decaauts)
 A = Elapsed time spent in this place.
 B = Non-inter-level travel time spent in this place.
 C = Inter-level travel time spent in this place.
 D = Time resting spent in this place.
 E = Time spent auto-exploring this place.
 F = Levels seen in this place.
 G = Mean time per level.
                   A        B        C        D        E       F      G
               +--------+--------+--------+--------+--------+-----+--------+
         Total |  20969 |  20565 |    404 |   3259 |  13197 |  14 | 1497.8 |
       Dungeon |  16668 |  16303 |    365 |   1607 |  11418 |  11 | 1515.3 |
          Lair |   2900 |   2862 |     38 |   1428 |    993 |   2 | 1450.0 |
         Sewer |   1399 |   1399 |      0 |    224 |    785 |   1 | 1399.0 |
               +--------+--------+--------+--------+--------+-----+--------+

Top non-repeatable levels by time:
     D:9: 3659 daAuts
     D:3: 1926 daAuts
  Lair:1: 1861 daAuts
     D:4: 1838 daAuts
     D:7: 1603 daAuts
    D:11: 1416 daAuts
   Sewer: 1399 daAuts
     D:8: 1392 daAuts
     D:6: 1336 daAuts
    D:10: 1087 daAuts
  Lair:2: 1039 daAuts
     D:5: 1004 daAuts
     D:2: 852 daAuts
     D:1: 551 daAuts
